Workbook
Name jk: #REF!
Name jk: #REF!
Name jk: #REF!
Name years_contract: [1]Kerlink!$D$5

Sheet Summary
C1: 0038/IRR/IBC/XI/2024 | M1: =D6 -> Mall Taman Palem
C2: Product : | D2: IBS / DAS | J2: Tanggal P&L: | M2: 45616
C3: Status P&L | D3: New Building
B5: Site Information | E5: Technical Information | J5: Financial Summary
B6: Site Name | D6: Mall Taman Palem | E6: IBC | K6: Total Capex DAS | M6: ='Parameter (2)'!C3 -> 1175497722 | O6: =M7-'IRR Approved'!F8 -> 8707390.5
K7: Capex /antenna | M7: =M6/H9 -> 8707390.5
B8: Address | E8: Antena PKS BM | H8: ='IRR Approved'!$F$13 -> 136 | K8: Contract Period (thn) | M8: 5
B9: Area building | D9: Jakarta | E9: Antena Asset | H9: 135 | K9: Interest rate /year | M9: ='IRR Approved'!$F$4 -> 0.1
B10: Type of building | E10: Jumlah Pole Makro | H10: 0 | K10: Kurs 1USD | M10: 0
B11: Status | D11: Renewal | E11: OPENET | K11: Total Revenue | M11: ='IRR Approved'!$R$27 -> 1109760000
B12: Total floor | E12: Cable FO (Core) | H12: 0 | K12: Total BV 30Nov24 | M12: ='IRR Approved'!H13 -> 12308606
B13: No of building tower | D13: 1 | E13: Cable FO (meter) | H13: 0 | K13: Total Capex CME | M13: ='IRR Approved'!H15+'IRR Approved'!I14 -> 200000000
K14: Total COGS Rent | M14: ='IRR Approved'!$R$30 -> 400000000
E15: Drop Wire (meter) | H15: 0 | K15: Total COGS Other | M15: ='IRR Approved'!$R$31+'IRR Approved'!$R$32+'IRR Approved'!$R$33 -> 90488000
E16: OTHERS | K16: IRR | M16: ='IRR Approved'!$F$51 -> 0.85444421
K17: NPV | M17: ='IRR Approved'!$F$52 -> 2.2380923e+08
K18: EBITDA margin | M18: ='IRR Approved'!$F$53 -> 0.55802336
K19: Payback (year) | M19: ='IRR Approved'!$F$54 -> 4.2325457
B21: Target to Achieve by Commercial: | L21: Prepared by
B22: Revenue | L22: Citra K.
B27: Approved by

Sheet IRR Approved
B1: NO : 0001/01/IRR/IBC/V/2023 | C1: 0038/IRR/IBC/XI/2024 | R1: =Summary!$D$6 -> Mall Taman Palem
B2: General Asumption | I2: Join year | L2: % inc (dec)
C3: Tax Rate | F3: 0.02 | I3: 2 | J3: Rev/month - TSEL
C4: Interest Rate | F4: 0.1 | I4: 3 | J4: Rev/month - XL
C5: SG&A | F5: 0.05 | G5: from Revenues | I5: 4 | J5: Rev/month - IOH | L5: 0
C6: BHPUSO | F6: 0 | G6: from Revenues | J6: Rev/month - SF
C7: Price Adjustment after 5 year | F7: 0.15
C8: Capex per antenna
C9: Migrasi per operator
G11: Y0 | H11: Y1 | I11: Y2 | J11: Y3 | K11: Y4 | L11: Y5 | M11: Y6 | N11: Y7 | O11: Y8 | P11: Y9 | Q11: Y10 | R11: Total
B12: CAPEX
B13: Total CAPEX | E13: BV 30NOv24 | F13: 136 | H13: 12308606 | I13: 0 | J13: 0 | R13: =SUM(G13:Q13) -> 12308606
E14: Macro | I14: 70000000 | J14: =$F$9*0 -> 0 | K14: =$F$9*0 -> 0 | R14: =SUM(G14:Q14) -> 70000000
E15: Shelter | H15: 130000000 | R15: =SUM(G15:Q15) -> 130000000
H16: =SUM(H13:H15) -> 142308606 | I16: =SUM(I13:I15) -> 70000000 | R16: =SUM(R13:R15) -> 212308606
B18: IRR Calculation | G18: Year 0 | H18: 2024 | I18: =H18+1 -> 2025 | J18: =I18+1 -> 2026 | K18: =J18+1 -> 2027 | L18: =K18+1 -> 2028 | M18: =L18+1 -> 2029 | N18: =M18+1 -> 2030 | O18: =N18+1 -> 2031 | P18: =O18+1 -> 2032 | Q18: =P18+1 -> 2033 | R18: Total
B19: Months of Service | G19: 12 | H19: 12 | I19: 12 | J19: 12 | K19: 12 | L19: 12 | M19: 12 | N19: 12 | O19: 12 | P19: 12 | Q19: 12
B20: % increase (decrease) | M20: 0.1
B22: Revenues
C23: Telkomsel | I23: =$K$3 -> 0 | J23: =$K$3 -> 0 | K23: =$K$3 -> 0 | L23: =$K$3 -> 0 | M23: =$K$3 -> 0 | N23: =$K$3*(1-$L$3) -> 0 | O23: =$K$3*(1-$L$3) -> 0 | P23: =$K$3*(1-$L$3) -> 0 | Q23: =$K$3*(1-$L$3) -> 0 | R23: =SUM($G23:Q23) -> 0
C24: XL | K24: =$K$4 -> 0 | L24: =$K$4 -> 0 | M24: =$K$4 -> 0 | N24: =$K$4 -> 0 | O24: =$K$4 -> 0 | P24: =$K$4*(1-$L$4) -> 0 | Q24: =$K$4*(1-$L$4) -> 0 | R24: =SUM($G24:Q24) -> 0
C25: IOH | H25: 221952000 | I25: =H25 -> 221952000 | J25: =I25 -> 221952000 | K25: =J25 -> 221952000 | L25: =K25 -> 221952000 | M25: =$K$5*0 -> 0 | N25: =$K$5*0 -> 0 | O25: =$K$5*(1-$L$5)*0 -> 0 | P25: =$K$5*(1-$L$5)*0 -> 0 | Q25: =$K$5*(1-$L$5)*0 -> 0 | R25: =SUM($G25:Q25) -> 1109760000
C26: Smartfren | R26: =SUM($G26:Q26) -> 0
B27: Total Revenues | G27: =SUM(G23:G26) -> 0 | H27: =SUM(H23:H26) -> 221952000 | I27: =SUM(I23:I26) -> 221952000 | J27: =SUM(J23:J26) -> 221952000 | K27: =SUM(K23:K26) -> 221952000 | L27: =SUM(L23:L26) -> 221952000 | M27: =SUM(M23:M26) -> 0 | N27: =SUM(N23:N26) -> 0 | ... R27: =SUM(R23:R26) -> 1109760000 | S27: =SUM(G27:Q27)-R27 -> 0
B29: OPEX
C30: Lease to BM | I30: 400000000 | M30: =800000000*10%*0 -> 0 | N30: =800000000*30%*0 -> 0 | O30: =800000000*20%*0 -> 0 | P30: =O30 -> 0 | Q30: =P30 -> 0 | R30: =SUM($G30:Q30) -> 400000000
C31: Electricity | H31: 0 | I31: =H31 -> 0 | J31: =I31 -> 0 | K31: =J31 -> 0 | L31: =K31 -> 0 | M31: =200000000*0.5*0 -> 0 | N31: =200000000*0.5*0 -> 0 | O31: =200000000*0.5*0 -> 0 | P31: =200000000*0.5*0 -> 0 | Q31: =200000000*0.5*0 -> 0 | R31: =SUM($G31:Q31) -> 0
C32: Maintenance (RPM) | G32: =IF(G23>0,COUNTIF(G23:G26,">0")*7000000, IF(G24>0,COUNTIF(G23:G26,">0")*7000000, IF(G25>0,COUNTIF(G23:G26,">0")*7000000, IF(G26>0,COUNTIF(G23:G26,">0")*7000000,0)))) -> 0 | H32: 7000000 | I32: =IF(I23>0,COUNTIF(I23:I26,">0")*7000000, IF(I24>0,COUNTIF(I23:I26,">0")*7000000, IF(I25>0,COUNTIF(I23:I26,">0")*7000000, IF(I26>0,COUNTIF(I23:I26,">0")*7000000,0)))) -> 7000000 | J32: =IF(J23>0,COUNTIF(J23:J26,">0")*7000000, IF(J24>0,COUNTIF(J23:J26,">0")*7000000, IF(J25>0,COUNTIF(J23:J26,">0")*7000000, IF(J26>0,COUNTIF(J23:J26,">0")*7000000,0)))) -> 7000000 | K32: =IF(K23>0,COUNTIF(K23:K26,">0")*7000000, IF(K24>0,COUNTIF(K23:K26,">0")*7000000, IF(K25>0,COUNTIF(K23:K26,">0")*7000000, IF(K26>0,COUNTIF(K23:K26,">0")*7000000,0)))) -> 7000000 | L32: =IF(L23>0,COUNTIF(L23:L26,">0")*7000000, IF(L24>0,COUNTIF(L23:L26,">0")*7000000, IF(L25>0,COUNTIF(L23:L26,">0")*7000000, IF(L26>0,COUNTIF(L23:L26,">0")*7000000,0)))) -> 7000000 | M32: =IF(M23>0,COUNTIF(M23:M26,">0")*7000000, IF(M24>0,COUNTIF(M23:M26,">0")*7000000, IF(M25>0,COUNTIF(M23:M26,">0")*7000000, IF(M26>0,COUNTIF(M23:M26,">0")*7000000,0)))) -> 0 | N32: =IF(N23>0,COUNTIF(N23:N26,">0")*7000000, IF(N24>0,COUNTIF(N23:N26,">0")*7000000, IF(N25>0,COUNTIF(N23:N26,">0")*7000000, IF(N26>0,COUNTIF(N23:N26,">0")*7000000,0)))) -> 0 | O32: =IF(O23>0,COUNTIF(O23:O26,">0")*7000000, IF(O24>0,COUNTIF(O23:O26,">0")*7000000, IF(O25>0,COUNTIF(O23:O26,">0")*7000000, IF(O26>0,COUNTIF(O23:O26,">0")*7000000,0)))) -> 0 | P32: =IF(P23>0,COUNTIF(P23:P26,">0")*7000000, IF(P24>0,COUNTIF(P23:P26,">0")*7000000, IF(P25>0,COUNTIF(P23:P26,">0")*7000000, IF(P26>0,COUNTIF(P23:P26,">0")*7000000,0)))) -> 0 | Q32: =IF(Q23>0,COUNTIF(Q23:Q26,">0")*7000000, IF(Q24>0,COUNTIF(Q23:Q26,">0")*7000000, IF(Q25>0,COUNTIF(Q23:Q26,">0")*7000000, IF(Q26>0,COUNTIF(Q23:Q26,">0")*7000000,0)))) -> 0 | R32: =SUM($G32:Q32) -> 35000000
C33: SG&A (inhouse resources) | F33: =H33/K27 -> 0.05 | G33: =$F$5*G27 -> 0 | H33: =H27*$F$5 -> 11097600 | I33: =I27*$F$5 -> 11097600 | J33: =J27*$F$5 -> 11097600 | K33: =K27*$F$5 -> 11097600 | L33: =L27*$F$5 -> 11097600 | M33: =M27*$F$5 -> 0 | N33: =N27*$F$5 -> 0 | O33: =O27*$F$5 -> 0 | ... Q33: =Q27*$F$5 -> 0 | R33: =SUM($G33:Q33) -> 55488000
B34: Total OPEX | G34: =SUM(G30:G33) -> 0 | H34: =SUM(H30:H33) -> 18097600 | I34: =SUM(I30:I33) -> 418097600 | J34: =SUM(J30:J33) -> 18097600 | K34: =SUM(K30:K33) -> 18097600 | L34: =SUM(L30:L33) -> 18097600 | M34: =SUM(M30:M33) -> 0 | N34: =SUM(N30:N33) -> 0 | ... R34: =SUM(R30:R33) -> 490488000 | S34: =SUM(G34:Q34)-R34 -> 0
B35: Total EBITDA | G35: =G27-G34 -> 0 | H35: =H27-H34 -> 203854400 | I35: =I27-I34 -> -196145600 | J35: =J27-J34 -> 203854400 | K35: =K27-K34 -> 203854400 | L35: =L27-L34 -> 203854400 | M35: =M27-M34 -> 0 | N35: =N27-N34 -> 0 | ... R35: =R27-R34 -> 619272000 | S35: =SUM(G35:Q35)-R35 -> 0
B36: Ebitda margin | H36: =H35/H27 -> 0.91846165 | I36: =I35/I27 -> -0.88372982 | J36: =J35/J27 -> 0.91846165 | K36: =K35/K27 -> 0.91846165 | L36: =L35/L27 -> 0.91846165 | M36: =M35/M27 -> #DIV/0! | N36: =N35/N27 -> #DIV/0! | O36: =O35/O27 -> #DIV/0! | ... R36: =R35/R27 -> 0.55802336
B38: Depreciation Expense | H38: =H68 -> 28461721 | I38: =I68 -> 45961721 | J38: =J68 -> 45961721 | K38: =K68 -> 45961721 | L38: =L68 -> 45961721 | R38: =SUM($G38:Q38) -> 212308606
B39: Total EBIT | G39: =G35-G38 -> 0 | H39: =H35-H38 -> 1.7539268e+08 | I39: =I35-I38 -> -2.4210732e+08 | J39: =J35-J38 -> 1.5789268e+08 | K39: =K35-K38 -> 1.5789268e+08 | L39: =L35-L38 -> 1.5789268e+08 | M39: =M35-M38 -> 0 | N39: =N35-N38 -> 0 | ... R39: =R35-R38 -> 406963394 | S39: =SUM(G39:Q39)-R39 -> 0
B40: Interest Expense | H40: ='Parameter (2)'!N44 -> 6500000 | I40: ='Parameter (2)'!O44 -> 15200000 | J40: ='Parameter (2)'!P44 -> 15400000 | K40: ='Parameter (2)'!Q44 -> 11400000 | L40: ='Parameter (2)'!R44 -> 7400000 | R40: =SUM($G40:Q40) -> 55900000
B41: EBT | G41: =G39-G40 -> 0 | H41: =H39-H40 -> 1.6889268e+08 | I41: =I39-I40 -> -2.5730732e+08 | J41: =J39-J40 -> 1.4249268e+08 | K41: =K39-K40 -> 1.4649268e+08 | L41: =L39-L40 -> 1.5049268e+08 | M41: =M39-M40 -> 0 | N41: =N39-N40 -> 0 | ... Q41: =Q39-Q40 -> 0 | R41: =SUM($G41:Q41) -> 3.5106339e+08 | S41: =SUM(G41:Q41)-R41 -> 0
B42: Tax Expense | G42: =IF(G41<0,0,G41*$F$3) -> 0 | H42: =IF(H41<0,0,H41*$F$3) -> 3377853.6 | I42: =IF(I41<0,0,I41*$F$3) -> 0 | J42: =IF(J41<0,0,J41*$F$3) -> 2849853.6 | K42: =IF(K41<0,0,K41*$F$3) -> 2929853.6 | L42: =IF(L41<0,0,L41*$F$3) -> 3009853.6 | M42: =IF(M41<0,0,M41*$F$3) -> 0 | N42: =IF(N41<0,0,N41*$F$3) -> 0 | ... Q42: =IF(Q41<0,0,Q41*$F$3) -> 0 | R42: =SUM($G42:Q42) -> 12167414
B43: Net Income | G43: =G41-G42 -> 0 | H43: =H41-H42 -> 1.6551483e+08 | I43: =I41-I42 -> -2.5730732e+08 | J43: =J41-J42 -> 1.3964283e+08 | K43: =K41-K42 -> 1.4356283e+08 | L43: =L41-L42 -> 1.4748283e+08 | M43: =M41-M42 -> 0 | N43: =N41-N42 -> 0 | ... R43: =R41-R42 -> 3.3889598e+08 | S43: =SUM(G43:Q43)-R43 -> 0
B45: Capex | G45: =-G13+-G14 -> 0 | H45: =-H16 -> -142308606 | I45: =-I14 -> -70000000 | J45: =-J14 -> 0 | K45: =-K14 -> 0 | L45: =-L14 -> 0 | M45: =-M14 -> 0 | N45: =-N14 -> 0 | O45: =-O14 -> 0 | P45: =-P14 -> 0 | Q45: =-Q14 -> 0 | R45: =SUM($G$45:Q45) -> -212308606
B46: FCFF | G46: =G45+G43+G38 -> 0 | H46: =H45+H43+H38 -> 51667940 | I46: =I45+I43+I38 -> -281345600 | J46: =J45+J43+J38 -> 1.8560455e+08 | K46: =K45+K43+K38 -> 1.8952455e+08 | L46: =L45+L43+L38 -> 1.9344455e+08 | M46: =M45+M43+M38 -> 0 | N46: =N45+N43+N38 -> 0 | ... Q46: =Q45+Q43+Q38 -> 0 | R46: =SUM($G$46:Q46) -> 3.3889598e+08
B47: Accumulated FCF | G47: =F47+G46 -> 0 | H47: =G47+H46 -> 51667940 | I47: =H47+I46 -> -2.2967766e+08 | J47: =I47+J46 -> -44073113 | K47: =J47+K46 -> 1.4545143e+08 | L47: =K47+L46 -> 3.3889598e+08 | M47: =L47+M46 -> 3.3889598e+08 | N47: =M47+N46 -> 3.3889598e+08 | ... Q47: =P47+Q46 -> 3.3889598e+08
B48: PBP | G48: =IF(AND(F47<0,G47>0),H56-(G47/G46),0) -> 0 | H48: =IF(AND(G47<0,H47>0),I56-(H47/H46),0) -> 0 | I48: =IF(AND(H47<0,I47>0),J56-(I47/I46),0) -> 0 | J48: =IF(AND(I47<0,J47>0),K56-(J47/J46),0) -> 0 | K48: =IF(AND(J47<0,K47>0),L56-(K47/K46),0) -> 4.2325457 | L48: =IF(AND(K47<0,L47>0),M56-(L47/L46),0) -> 0 | M48: =IF(AND(L47<0,M47>0),N56-(M47/M46),0) -> 0 | N48: =IF(AND(M47<0,N47>0),O56-(N47/N46),0) -> 0 | O48: =IF(AND(N47<0,O47>0),P56-(O47/O46),0) -> 0 | Q48: =IF(AND(O47<0,Q47>0),R56-(Q47/Q46),0) -> 0
B51: IRR | F51: =IRR(H46:Q46) -> 0.85444421
B52: NPV | F52: =NPV(F4,I46:Q46)+H46 -> 2.2380923e+08
B53: EBITDA margin | F53: =R36 -> 0.55802336
B54: Payback | F54: =SUM(G48:Q48) -> 4.2325457
H56: 1 | I56: 2 | J56: 3 | K56: 4 | L56: 5 | M56: 6 | N56: 7 | O56: 8 | P56: 9 | Q56: 10
B57: Depreciation Calculation | E57: no of Year depreciated | H57: =H18 -> 2024 | I57: =I18 -> 2025 | J57: =J18 -> 2026 | K57: =K18 -> 2027 | L57: =L18 -> 2028 | M57: =M18 -> 2029 | N57: =N18 -> 2030 | O57: =O18 -> 2031 | ... Q57: =Q18 -> 2033 | R57: Total
D58: Year 1 | E58: 5 | H58: =H16/$E58 -> 28461721 | I58: =H58 -> 28461721 | J58: =I58 -> 28461721 | K58: =J58 -> 28461721 | L58: =K58 -> 28461721 | M58: =L58*0 -> 0 | N58: =M58 -> 0 | O58: =N58 -> 0 | P58: =O58 -> 0 | Q58: =P58 -> 0 | R58: =SUM(H58:L58) -> 142308606
D59: Year 2 | E59: 4 | I59: =I14/E59 -> 17500000 | J59: =I59 -> 17500000 | K59: =J59 -> 17500000 | L59: =K59 -> 17500000 | N59: =M59 -> 0 | O59: =N59 -> 0 | P59: =O59 -> 0 | Q59: =P59 -> 0 | R59: =SUM(H59:L59) -> 70000000
D60: Year 3 | E60: 3 | J60: =J14/$E60 -> 0 | K60: =J60 -> 0 | L60: =K60 -> 0 | M60: =L60 -> 0 | N60: =M60 -> 0 | O60: =N60 -> 0 | P60: =O60 -> 0 | Q60: =P60 -> 0 | R60: =SUM($G60:Q60) -> 0
D61: Year 4 | E61: 2 | K61: =K14/$E61 -> 0 | L61: =K61 -> 0 | M61: =L61 -> 0 | N61: =M61 -> 0 | O61: =N61 -> 0 | P61: =O61 -> 0 | Q61: =P61 -> 0 | R61: =SUM($G61:Q61) -> 0
D62: Year 5 | E62: 1 | L62: =K$13/$E62 -> 0 | M62: =L62 -> 0 | N62: =M62 -> 0 | O62: =N62 -> 0 | P62: =O62 -> 0 | R62: =SUM($G62:Q62) -> 0
D63: Year 6 | E63: 5 | M63: =L$13/$E63 -> 0 | N63: =M63 -> 0 | O63: =N63 -> 0 | P63: =O63 -> 0 | R63: =SUM($G63:Q63) -> 0
D64: Year 7 | E64: 4 | N64: =M$13/$E64 -> 0 | O64: =N64 -> 0 | P64: =O64 -> 0 | R64: =SUM($G64:Q64) -> 0
D65: Year 8 | E65: 3 | O65: =N$13/$E65 -> 0 | P65: =O65 -> 0 | R65: =SUM($G65:Q65) -> 0
D66: Year 9 | E66: 2 | P66: =O$13/$E66 -> 0 | R66: =SUM($G66:Q66) -> 0
D67: Year 10 | E67: 1 | R67: =SUM($G67:Q67) -> 0
B68: Total Depreciation | H68: =SUM(H58:H67) -> 28461721 | I68: =SUM(I58:I67) -> 45961721 | J68: =SUM(J58:J67) -> 45961721 | K68: =SUM(K58:K67) -> 45961721 | L68: =SUM(L58:L67) -> 45961721 | M68: =SUM(M58:M67) -> 0 | N68: =SUM(N58:N67) -> 0 | O68: =SUM(O58:O67) -> 0 | ... R68: =SUM(R58:R67) -> 212308606

Sheet Parameter (2)
A1: PERHITUNGAN INTEREST EXPENSE based CAPEX
A2: Capex tahun | B2: 5 | C2: 2013 | D2: =C2+1 -> 2014 | E2: =D2+1 -> 2015 | F2: =E2+1 -> 2016 | G2: =F2+1 -> 2017 | H2: =G2+1 -> 2018 | I2: =H2+1 -> 2019 | J2: =I2+1 -> 2020 | K2: =J2+1 -> 2021 | ... U2: =T2+1 -> 2031
A3: 2013 | B3: loan | C3: 1175497722 | D3: =C3-C4 -> 9.4039818e+08 | E3: =D3-C4 -> 7.0529863e+08 | F3: =E3-C4 -> 4.7019909e+08 | G3: =F3-C4 -> 2.3509954e+08 | H3: =G3-C4 -> 0 | I3: =H3-$E$4 -> 0 | J3: =I3-$E$4 -> 0
B4: Installment/thn | C4: =C3/B2 -> 2.3509954e+08
B5: Interest | C5: =(($C$3*[2]IRR!E4*6)/12) -> 58774886 | D5: =AVERAGE(C3:D3)*[2]IRR!E4 -> 1.0579479e+08 | E5: =AVERAGE(D3:E3)*[2]IRR!E4 -> 82284841 | F5: =AVERAGE(E3:F3)*[2]IRR!E4 -> 58774886 | G5: =AVERAGE(F3:G3)*[2]IRR!E4 -> 35264932 | H5: =AVERAGE(G3:H3)*[2]IRR!E4 -> 11754977 | I5: =AVERAGE($H$3:$I$3)*[3]IRR!$G$4 -> 0 | J5: =AVERAGE($I$3:$J$3)*[3]IRR!$G$4 -> 0
A6: =A3+1 -> 2014 | B6: loan | E6: =D6-D7 -> 0 | F6: =E6-D7 -> 0 | G6: =F6-D7 -> 0 | H6: =G6-D7 -> 0
B7: Installment/thn | D7: =D6/B2 -> 0
B8: Interest | D8: =((D6*[2]IRR!E4*6)/12) -> 0 | E8: =AVERAGE(D6:E6)*[2]IRR!E4 -> 0 | F8: =AVERAGE(E6:F6)*[2]IRR!E4 -> 0 | G8: =AVERAGE(F6:G6)*[2]IRR!E4 -> 0 | H8: =AVERAGE(G6:H6)*[2]IRR!E4 -> 0 | I8: =AVERAGE(H6:I6)*[2]IRR!E4 -> 0
A9: =A6+1 -> 2015 | B9: loan | E9: 112080222 | F9: =E9-E10 -> 89664178 | G9: =F9-E10 -> 67248133 | H9: =G9-E10 -> 44832089 | I9: =H9-E10 -> 22416044 | J9: =I9-E10 -> 0
B10: Installment/thn | E10: =E9/B2 -> 22416044
B11: Interest | E11: =((E9*[2]IRR!E4*6)/12) -> 5604011.1 | F11: =AVERAGE(E9:F9)*[2]IRR!$E$4 -> 10087220 | G11: =AVERAGE(F9:G9)*[2]IRR!$E$4 -> 7845615.5 | H11: =AVERAGE(G9:H9)*[2]IRR!$E$4 -> 5604011.1 | I11: =AVERAGE(H9:I9)*[2]IRR!$E$4 -> 3362406.7 | J11: =AVERAGE(I9:J9)*[2]IRR!$E$4 -> 1120802.2
A12: =A9+1 -> 2016 | B12: loan | G12: =F12-F13 -> 0 | H12: =G12-F13 -> 0 | I12: =H12-F13 -> 0 | J12: =I12-F13 -> 0 | K12: =J12-F13 -> 0
B13: Installment/thn | F13: =F12/B2 -> 0
B14: Interest | F14: =((F12*[2]IRR!E4*6)/12) -> 0 | G14: =AVERAGE(F12:G12)*[2]IRR!$E$4 -> 0 | H14: =AVERAGE(G12:H12)*[2]IRR!$E$4 -> 0 | I14: =AVERAGE(H12:I12)*[2]IRR!$E$4 -> 0 | J14: =AVERAGE(I12:J12)*[2]IRR!$E$4 -> 0 | K14: =AVERAGE(J12:K12)*[2]IRR!$E$4 -> 0
A15: =A12+1 -> 2017 | B15: loan | H15: =G15-G16 -> 0 | I15: =H15-G16 -> 0 | J15: =I15-G16 -> 0 | K15: =J15-G16 -> 0 | L15: =K15-G16 -> 0
B16: Installment/thn | G16: =G15/B2 -> 0
B17: Interest | G17: =((G15*[2]IRR!E4*6)/12) -> 0 | H17: =AVERAGE(G15:H15)*[2]IRR!$E$4 -> 0 | I17: =AVERAGE(H15:I15)*[2]IRR!$E$4 -> 0 | J17: =AVERAGE(I15:J15)*[2]IRR!$E$4 -> 0 | K17: =AVERAGE(J15:K15)*[2]IRR!$E$4 -> 0 | L17: =AVERAGE(K15:L15)*[2]IRR!$E$4 -> 0
A18: =A15+1 -> 2018 | B18: loan | H18: 56267516 | I18: =H18-H19 -> 45014013 | J18: =I18-H19 -> 33760510 | K18: =J18-H19 -> 22507006 | L18: =K18-H19 -> 11253503 | M18: =L18-H19 -> 0
B19: Installment/thn | H19: =H18/B2 -> 11253503
B20: Interest | H20: =((H18*[2]IRR!E4*6)/12) -> 2813375.8 | I20: =AVERAGE(H18:I18)*[2]IRR!$E$4 -> 5064076.4 | J20: =AVERAGE(I18:J18)*[2]IRR!$E$4 -> 3938726.1 | K20: =AVERAGE(J18:K18)*[2]IRR!$E$4 -> 2813375.8 | L20: =AVERAGE(K18:L18)*[2]IRR!$E$4 -> 1688025.5 | M20: =AVERAGE(L18:M18)*[2]IRR!$E$4 -> 562675.16
A21: =A18+1 -> 2019 | B21: loan | J21: =I21-I22 -> 0 | K21: =J21-I22 -> 0 | L21: =K21-I22 -> 0 | M21: =L21-I22 -> 0 | N21: =M21-I22 -> 0
B22: Installment/thn | I22: =I21/$B$2 -> 0
B23: Interest | I23: =((I21*[2]IRR!E4*6)/12) -> 0 | J23: =AVERAGE(I21:J21)*[2]IRR!$E$4 -> 0 | K23: =AVERAGE(J21:K21)*[2]IRR!$E$4 -> 0 | L23: =AVERAGE(K21:L21)*[2]IRR!$E$4 -> 0 | M23: =AVERAGE(L21:M21)*[2]IRR!$E$4 -> 0 | N23: =AVERAGE(M21:N21)*[2]IRR!$E$4 -> 0
A24: =A21+1 -> 2020 | B24: loan | K24: =J24-J25 -> 0 | L24: =K24-J25 -> 0 | M24: =L24-J25 -> 0 | N24: =M24-J25 -> 0 | O24: =N24-J25 -> 0
B25: Installment/thn | J25: =J24/B2 -> 0
B26: Interest | J26: =((J24*[2]IRR!E4*6)/12) -> 0 | K26: =AVERAGE(J24:K24)*[2]IRR!$E$4 -> 0 | L26: =AVERAGE(K24:L24)*[2]IRR!$E$4 -> 0 | M26: =AVERAGE(L24:M24)*[2]IRR!$E$4 -> 0 | N26: =AVERAGE(M24:N24)*[2]IRR!$E$4 -> 0 | O26: =AVERAGE(N24:O24)*[2]IRR!$E$4 -> 0
A27: =A24+1 -> 2021 | B27: loan | M27: =L27-L28 -> 0 | N27: =M27-L28 -> 0 | O27: =N27-L28 -> 0 | P27: =O27-L28 -> 0 | Q27: =P27-L28 -> 0
B28: Installment/thn | L28: =L27/B2 -> 0
B29: Interest | L29: =((L27*[2]IRR!E4*6)/12) -> 0 | M29: =AVERAGE(L27:M27)*[2]IRR!$E$4 -> 0 | N29: =AVERAGE(M27:N27)*[2]IRR!$E$4 -> 0 | O29: =AVERAGE(N27:O27)*[2]IRR!$E$4 -> 0 | P29: =AVERAGE(O27:P27)*[2]IRR!$E$4 -> 0 | Q29: =AVERAGE(P27:Q27)*[2]IRR!$E$4 -> 0
A30: =A27+1 -> 2022 | B30: loan | N30: =M30-M31 -> 0 | O30: =N30-M31 -> 0 | P30: =O30-M31 -> 0 | Q30: =P30-M31 -> 0 | R30: =Q30-M31 -> 0
B31: Installment/thn | M31: =M30/B2 -> 0
B32: Interest | M32: =((M30*[2]IRR!E4*6)/12) -> 0 | N32: =AVERAGE(M30:N30)*[2]IRR!$E$4 -> 0 | O32: =AVERAGE(N30:O30)*[2]IRR!$E$4 -> 0 | P32: =AVERAGE(O30:P30)*[2]IRR!$E$4 -> 0 | Q32: =AVERAGE(P30:Q30)*[2]IRR!$E$4 -> 0 | R32: =AVERAGE(Q30:R30)*[2]IRR!$E$4 -> 0
A33: =A30+1 -> 2023 | B33: loan
B34: Installment/thn
B35: Interest
A36: =A33+1 -> 2024 | B36: loan | N36: ='IRR Approved'!H15 -> 130000000 | O36: =N36-N37 -> 104000000 | P36: =O36-N37 -> 78000000 | Q36: =P36-N37 -> 52000000 | R36: =Q36-N37 -> 26000000 | S36: =R36-N37 -> 0
B37: Installment/thn | N37: =N36/$B$2 -> 26000000
B38: Interest | N38: =((N36*'IRR Approved'!$F$4*6)/12) -> 6500000 | O38: =AVERAGE(N36:O36)*'IRR Approved'!$F$4 -> 11700000 | P38: =AVERAGE(O36:P36)*'IRR Approved'!$F$4 -> 9100000 | Q38: =AVERAGE(P36:Q36)*'IRR Approved'!$F$4 -> 6500000 | R38: =AVERAGE(Q36:R36)*'IRR Approved'!$F$4 -> 3900000 | S38: =AVERAGE(R36:S36)*'IRR Approved'!$F$4 -> 1300000 | T38: =AVERAGE(S36:T36)*'IRR Approved'!$F$4 -> 0
A39: =A36+1 -> 2025 | B39: loan | O39: ='IRR Approved'!I14 -> 70000000 | P39: =O39-O40 -> 56000000 | Q39: =P39-O40 -> 42000000 | R39: =Q39-O40 -> 28000000 | S39: =R39-O40 -> 14000000 | T39: =S39-O40 -> 0
B40: Installment/thn | O40: =O39/$B$2 -> 14000000
B41: Interest | O41: =((O39*'IRR Approved'!$F$4*6)/12) -> 3500000 | P41: =AVERAGE(O39:P39)*'IRR Approved'!$F$4 -> 6300000 | Q41: =AVERAGE(P39:Q39)*'IRR Approved'!$F$4 -> 4900000 | R41: =AVERAGE(Q39:R39)*'IRR Approved'!$F$4 -> 3500000 | S41: =AVERAGE(R39:S39)*'IRR Approved'!$F$4 -> 2100000 | T41: =AVERAGE(S39:T39)*'IRR Approved'!$F$4 -> 700000 | U41: =AVERAGE(T39:U39)*'IRR Approved'!$F$4 -> 0
B44: Interest Exp | C44: =C5+C8+C11+C14+C17+C20+C23+C26+C29+C32 -> 58774886 | D44: =D5+D8+D11+D14+D17+D20+D23+D26+D29+D32 -> 1.0579479e+08 | E44: =E5+E8+E11+E14+E17+E20+E23+E26+E29+E32 -> 87888852 | F44: =F5+F8+F11+F14+F17+F20+F23+F26+F29+F32 -> 68862106 | G44: =G5+G8+G11+G14+G17+G20+G23+G26+G29+G32 -> 43110547 | H44: =H5+H8+H11+H14+H17+H20+H23+H26+H29+H32 -> 20172364 | I44: =I5+I8+I11+I14+I17+I20+I23+I26+I29+I32 -> 8426483.1 | J44: =J5+J8+J11+J14+J17+J20+J23+J26+J29+J32 -> 5059528.3 | ... L44: =L5+L8+L11+L14+L17+L20+L23+L26+L29+L32 -> 1688025.5 | M44: =M5+M8+M11+M14+M17+M20+M23+M26+M29+M32+M35+M38+M41 -> 562675.16 | N44: =N5+N8+N11+N14+N17+N20+N23+N26+N29+N32+N35+N38+N41 -> 6500000 | O44: =O5+O8+O11+O14+O17+O20+O23+O26+O29+O32+O35+O38+O41 -> 15200000 | P44: =P5+P8+P11+P14+P17+P20+P23+P26+P29+P32+P35+P38+P41 -> 15400000 | Q44: =Q5+Q8+Q11+Q14+Q17+Q20+Q23+Q26+Q29+Q32+Q35+Q38+Q41 -> 11400000 | R44: =R5+R8+R11+R14+R17+R20+R23+R26+R29+R32+R35+R38+R41 -> 7400000 | S44: =S5+S8+S11+S14+S17+S20+S23+S26+S29+S32+S35+S38+S41 -> 3400000 | T44: =T5+T8+T11+T14+T17+T20+T23+T26+T29+T32+T35+T38+T41 -> 700000
A47: PERHITUNGAN SG&A
A48: Untuk IBC | B48: Start tahun pertama | C48: 50000000
A49: Untuk Opennet | B49: Start tahun pertama | C49: 20000000
A50: Untuk IBC Ext | B50: tiap tahun = Rev x 5%
A51: Untuk Opennet Ext | B51: tiap tahun = Rev x 5%
A53: SG&A | B53: =C48 -> 50000000 | C53: =B53+C54 -> 51000000 | D53: =C53+D55 -> 52020000 | E53: =D53+E55 -> 53060400 | F53: =E53+F55 -> 54121608 | G53: =F53+G55 -> 55204040 | H53: =G53+H55 -> 56308121 | I53: =H53+I55 -> 57434283 | J53: =I53+J55 -> 58582969 | K53: =J53+K55 -> 59754628
A54: 0.02 | C54: =C55 -> 1000000 | D54: =C54+D55 -> 2020000 | E54: =D54+E55 -> 3060400 | F54: =E54+F55 -> 4121608 | G54: =F54+G55 -> 5204040.2 | H54: =G54+H55 -> 6308121 | I54: =H54+I55 -> 7434283.4 | J54: =I54+J55 -> 8582969.1 | K54: =J54+K55 -> 9754628.4
C55: =B53*$A$54 -> 1000000 | D55: =C53*$A$54 -> 1020000 | E55: =D53*$A$54 -> 1040400 | F55: =E53*$A$54 -> 1061208 | G55: =F53*$A$54 -> 1082432.2 | H55: =G53*$A$54 -> 1104080.8 | I55: =H53*$A$54 -> 1126162.4 | J55: =I53*$A$54 -> 1148685.7 | K55: =J53*$A$54 -> 1171659.4
A58: PERHITUNGAN MAINTENANCE (PM,CM,WT)
A59: PM by Vendor
A60: CM by Vendor/Inhouse
A61: WT by Inhouse
A62: WT New by Vendor/Operator
A63: MAINTENANCE = (PM + CM + WT New + WT by Inhouse )
A65: PM | B65: PM/Year/Site | D65: CM | E65: CM /Year/Oprt | G65: WT New by Vendor/Operator | J65: Pesawat | K65: Tiket PP
A66: Sulut | B66: 16800000 | D66: All | E66: 7000000 | G66: Jawa/Bali | H66: 10000000 | J66: Sulut | K66: 4000000
A67: Makasar | G67: Pekanbaru | H67: 12000000 | J67: Makasar | K67: 3000000
A68: Bali | B68: 15600000 | G68: Sumut | H68: 14000000 | J68: Bali | K68: 2500000
A69: Jatim | B69: 15000000 | G69: Sulsel | H69: 14000000 | J69: Jatim | K69: 2000000
A70: Jateng | B70: 15000000 | G70: Sulut | H70: 17000000 | J70: Jateng | K70: 1850000
A71: Jabar | B71: 12000000 | G71: Kalimantan | H71: 14000000 | J71: Jabar | K71: 1200000
A72: Kalimantan | B72: 16800000 | J72: Kalimantan | K72: 2000000
A73: Sumatera | B73: 15720000 | J73: Sumatera | K73: 3500000
A74: Palembang | J74: Palembang | K74: 2800000
A75: Jabodetabek | B75: 0
A78: WT by Inhouse | B78: Keterangan | C78: Nilai | D78: Diisikan | E78: person | F78: trip | G78: kamar | H78: Days by Omni | I78: Biaya walktest inhouse/visit | J78: Biaya walktest inhouse/thn
E79: 1 | F79: 1 | G79: 1 | H79: =[2]Summary!H9 -> 72
A80: Transport | B80: Pesawat | C80: =K73 -> 3500000 | D80: person | E80: =E79 -> 1 | I80: =E80*C80 -> 3500000
B81: Bandara | C81: 600000 | D81: person | E81: =E79 -> 1 | I81: =C81*E81 -> 600000
B82: Transport | C82: 200000 | D82: Trip | F82: =F79 -> 1 | I82: =F82*C82 -> 200000
A83: Hotel | B83: Hotel | C83: 450000 | D83: kamar | E83: =E79 -> 1 | G83: =G79 -> 1 | H83: =IF($H$79<=120,2,IF($H$79>220,4,3)) -> 2 | I83: =G83*C83*H83 -> 900000
A84: Uang Saku | B84: Uang Saku | C84: 120000 | D84: person | E84: =E79 -> 1 | H84: =IF($H$79<=120,2,IF($H$79>220,4,3)) -> 2 | I84: =H84*C84*E84 -> 240000
I85: =SUM(I80:I84) -> 5440000 | J85: =I85*2 -> 10880000 | K85: 2X Visit
J86: =I85*4 -> 21760000 | K86: 4X Visit | L86: =J86+B73+E66 -> 44480000
L87: =I85+B73+E66*1 -> 28160000
A90: LISTRIK
A92: LISTRIK
A93: Listrik/Oprt/year DAS+1Pole 3sektor
A94: 0-100 | B94: 36000000
A95: 101-200 | B95: 42000000
A96: 201- | B96: 48000000
A98: Listrik/Oprt/year DAS+2Pole 6sektor
A99: 0-200 | B99: 75000000
A100: 201- | B100: 95000000
A103: CAPEX CME
A105: Additional CME BTS indoor + Pole | C105: 150000000
A106: Additional CME BTS Indoor + 2 Pole | C106: 200000000
A107: Additional CME BTS Outdoor + 1 Pole | C107: 85000000
A108: Additional CME BTS Outdoor + 2 Pole | C108: 150000000
A109: Additional CME 1Pole | C109: 50000000

Sheet Summary BR
A1: SUMMARY REVIEW
A3: Nama Site | C3: Mall Taman Palem
A4: Nama Pemilik | C4: PT Bangun Cipta Karya Perkasa
A5: Alamat Pemilik | C5: Jl. Kamal Raya Outer Ring Road Cengkareng
A7: No. | B7: Keterangan | C7: Existing | D7: Renewal1
A9: 1 | B9: Obyek Sewa | C9: 136 titik antenna, RBS room 40 m2, Pole sesuai kebutuhan operator | D9: =C9 -> 136 titik antenna, RBS room 40 m2, Pole sesuai kebutuhan operator
A10: 2 | B10: Periode Sewa | C10: 02 Desember 2018 -30 November 2023 | D10: 15 Nov 2024 s/d 14 Nov 2029
A11: 3 | B11: Harga Sewa / Masa sewa | C11: 193200000 | D11: 400000000
B12: Harga Sewa / tahun | C12: =C11/5 -> 38640000 | D12: =D11/5 -> 80000000
A13: 4 | B13: Termin Pembayaran | D13: 50% stlh surat konfirmasi sign, 50% 6bln stelah pmbyaran pertama
A14: 5 | B14: Operator Joint | C14: IOH (30 des 2018 s/d 29 Des 2023) Rp. 220.320.000/ year | D14: IOH (start dari BALAP On air) Rp. 221.952.000
A15: 6 | B15: Kenaikan harga Sewa | C15: 1.07
B17: Noted:
A18: 1 | B18: Sudah ada operator lain (single)
A19: 2 | B19: Termin pembayaran 50% after surat konfrimasi sign , 50%, 6 bulan stelah pembayaran ke 1

Sheet Analisa
A2: SITE Mall Taman Palem
A3: Periode | B3: Start | C3: End
A4: Rev H3I-IOH | B4: 45302 | C4: 47128
A5: Sewa BM | B5: 45611 | C5: 47436
B7: Start | C7: End | D7: Days
A8: Worse >> Jika Sewa BM diperpanjang 5 tahun dan IOH sesuai periodenya, maka:
A9: Rev H3I | B9: 45611 | C9: 47128 | D9: =C9-B9 -> 1517 | E9: 221952000 | F9: =E9/365*D9 -> 9.22469e+08
A10: Sewa BM | B10: 45611 | C10: 47436 | D10: =C10-B10 -> 1825 | E10: 80000000 | F10: =-E10/365*D10 -> -400000000
A11: OM | B11: 45611 | C11: 47128 | D11: =C11-B11 -> 1517 | E11: 7000000 | F11: =-E11/365*D11 -> -29093151
A12: Antisipasi Add Capex and Pole | E12: 100000000
A13: Profit | F13: =SUM(F9:F12) -> 4.9337585e+08
